 Dungeon Crawl Stone Soup version 0.29.1-1-gd02db6906a (webtiles) character file.

Game seed: 4236719598188281908

7109 Danto the Severer (level 10, -3/78 HPs)
             Began as a Minotaur Berserker on Oct 2, 2022.
             Was an Elder of Trog.
             Slain by Harold
             ... wielding a +0 trident
              (17 damage)
             ... on level 10 of the Dungeon.
             The game lasted 01:05:13 (10545 turns).

Danto the Severer (Minotaur Berserker)             Turns: 10545, Time: 01:05:14

Health: -3/78      AC: 15    Str: 24    XL:     10   Next: 85%
Magic:  9/9        EV:  8    Int:  3    God:    Trog [****..]
Gold:   626        SH:  5    Dex: 15    Spells: 9/9 levels left

rFire   . . .      SeeInvis .   n - +4 war axe
rCold   + . .      Faith    .   (no shield)
rNeg    . . .      Spirit   .   o - +1 plate armour
rPois   .          Reflect  +   (helmet restricted)
rElec   .          Harm     .   (no cloak)
rCorr   .          Rampage  .   (no gloves)
Will    .....                   (no boots)
Stlth   ..........              f - amulet of reflection
HPRegen 0.23/turn               j - +4 ring of slaying
MPRegen 0.11/turn               (no ring)

@: about to teleport, marked
A: horns 2, retaliatory headbutt, agile 1, cold resistance 1
a: Renounce Religion, Berserk, Trog's Hand, Brothers in Arms


You were on level 10 of the Dungeon.
You worshipped Trog.
Trog was greatly pleased with you.
You visited 2 branches of the dungeon, and saw 11 of its levels.

You collected 626 gold pieces.

Inventory:

Hand Weapons
 i - a +1 dagger of flaming
 n - a +4 war axe (weapon)
Missiles
 c - 15 boomerangs (quivered)
Armour
 m - a +3 leather armour of poison resistance
 o - a +1 plate armour (worn)
Jewellery
 f - an amulet of reflection (around neck)
 j - a +4 ring of slaying (left hand)
 A - an amulet of regeneration
Wands
 l - a wand of paralysis (15)
 r - a wand of roots (24)
 w - a wand of mindburst (19)
 x - a wand of flame (7)
 B - a wand of light (4)
Scrolls
 g - 3 scrolls of teleportation
 v - a scroll of butterflies
 y - 3 scrolls of magic mapping
 C - a scroll of identify
Potions
 a - a potion of flight
 b - 2 potions of cancellation
 d - 2 potions of magic
 e - 3 potions of curing
 h - a potion of brilliance
 k - 2 potions of haste
 p - a potion of berserk rage {unknown}
 q - 3 potions of attraction
 s - a potion of degeneration {unknown}
 t - 4 potions of lignification {unknown}
 u - a potion of heal wounds {unknown}
 z - a potion of resistance {unknown}


   Skills:
 - Level 3.9 Fighting
 * Level 17.3 Axes
 + Level 9.9 Armour
 - Level 2.2 Dodging


You had 9 spell levels left.
You didn't know any spells.
Your spell library contained the following spells:

 Spells                   Type           Power      Damage    Failure   Level
 Magic Dart               Conj           0%         1d3       100%        1
 Call Imp                 Summ           0%         N/A       100%        2
 Ensorcelled Hibernation  Hex/Ice        0%         N/A       100%        2
 Call Canine Familiar     Summ           0%         N/A       100%        3
 Mephitic Cloud           Conj/Pois/Air  0%         N/A       100%        3
 Ozocubu's Armour         Ice            0%         N/A       100%        3
 Portal Projectile        Hex/Tloc       0%         N/A       100%        3
 Spider Form              Tmut/Pois      0%         N/A       100%        3
 Anguish                  Hex/Necr       0%         N/A       100%        4
 Leda's Liquefaction      Hex/Erth       0%         N/A       100%        4
 Ozocubu's Refrigeration  Ice            0%         4d7       100%        7


Dungeon Overview and Level Annotations

Branches:
Dungeon (10/15)            Temple (1/1) D:7             Orc (0/2) D:9
   Lair: D:8-11

Altars:
Ashenzari
Cheibriados
Dithmenos
Elyvilon
Fedhas
Gozag
Kikubaaqudgha
Nemelex Xobeh
Okawaru
Qazlal
Ru
Sif Muna
Trog
Uskayaw
Vehumet
Wu Jian
Xom
Yredelemnul
Zin
The Shining One

Shops:
D:3 [

Annotations:
D:10 Harold, Maurice


Innate Abilities, Weirdness & Mutations

You have a pair of horns on your head.
You reflexively headbutt those who attack you in melee.
You are agile. (Dex +4, Str/Int -1)
Your flesh is cold resistant. (rC+)


Message History

Harold the Weathered comes into view.
He is wielding a +0 trident.
Harold shouts!
Harold drinks a potion.
Harold flickers and vanishes!
Deactivating autopickup; reactivate with Ctrl-A.
Autopickup is now on.
Found a stone staircase leading down.
A throwing net appears from out of thin air!
Deactivating autopickup; reactivate with Ctrl-A.
The throwing net hits you.
You become entangled in the net!
You see here a throwing net.
You struggle against the net.
You struggle against the net.
A sentinel's mark forms upon you.
You shred the net and break free! You block something's attack.
You slash something! Your headbutt misses something. Something hits you!
You slash something!
You hear some strange, mumbled words.
The mark upon you grows brighter.
You barely miss something. Something hits you! Something hits you!!
You start resting.
Something hits you but does no damage.
Maurice the Thief comes into view.
He is wielding a +2 dagger of speed and carrying a wand of flame (7).
Something completely misses you.
Maurice moves out of view.
You hit something. Your headbutt misses something. Something hits you!
You closely miss something. Something hits you but does no damage.
You hit something.
Maurice mumbles some strange words.
Maurice puts on a burst of speed!
Something hits you!
* * * LOW HITPOINT WARNING * * *
Press: ? - help, v - describe, . - travel
Here: Maurice, wielding a +2 dagger of speed, wearing a +0 cloak and carrying a wand of flame (7) (covering ground quickly)
The floor.
As you read the scroll of teleportation, it crumbles to dust.
You feel strangely unstable.
You hear some strange, mumbled words.
The mark upon you grows brighter. Maurice hits you but does no damage.
Something hits you!
You die...

##........
#......##
#.#....#
#)#....#
##.#.###.#
#..#.# .
#.##.#
#.##.####
#.##.{.@#
#.##..@.#
#.##....####
#.##..=.....
#............
#.#####..####
#.# #....>
#.# ##.###
#.# ..


You could see Maurice (swift).

Vanquished Creatures
  Pikel (D:7)
  A troll (D:10)
  A hornet (D:9)
  6 yaks (D:8)
  A steam dragon (D:7)
  An acid dragon (D:9)
  6 orc warriors
  2 ice beasts
  A black bear (D:8)
  4 centaurs
  3 ogres
  2 phantoms (D:6)
  A lemure (D:7)
  5 kobold brigands
  2 bullfrogs
  A scorpion (D:4)
  8 killer bees
  A hound (D:6)
  5 jellies
  10 orc priests
  Jessica (D:3)
  A gnoll bouda (D:7)
  Ijyb (D:3)
  5 iguanas
  15 orc wizards
  Natasha (twice) (D:3)
  7 gnolls (D:7)
  12 adders
  A shadow imp (D:7)
  A worm (D:4)
  3 dart slugs
  87 orcs
  4 ball pythons
  4 endoplasms
  A giant cockroach (D:4)
  6 goblins
  7 hobgoblins
  32 kobolds
  4 quokkas
  10 bats
  4 frilled lizards
  6 rats
276 creatures vanquished.

Vanquished Creatures (collateral kills)
  A two-headed ogre (D:9)
  A hornet (D:9)
  2 wyverns (D:9)
  2 killer bees (D:9)
  An orc (D:7)
  A butterfly (D:7)
8 creatures vanquished.

Vanquished Creatures (others)
  A plant (D:2)
1 creature vanquished.

Grand Total: 285 creatures vanquished

Notes
Turn   | Place    | Note
-------+----------+-------------------------------------------
     0 | D:1      | Danto the Minotaur Berserker began the quest for the Orb.
     0 | D:1      | Reached XP level 1. HP: 19/19 MP: 0/0
   286 | D:1      | Reached skill level 4 in Axes
   286 | D:1      | Reached XP level 2. HP: 27/27 MP: 1/1
   962 | D:1      | Gained mutation: Your muscles are strong. (Str +4, Int/Dex
                  | -1) [potion of mutation]
   962 | D:1      | Gained mutation: You are robust. (+10% HP) [potion of
                  | mutation]
   963 | D:1      | Lost mutation: Your muscles are strong. (Str +4, Int/Dex
                  | -1) [potion of mutation]
   963 | D:1      | Lost mutation: You are robust. (+10% HP) [potion of
                  | mutation]
   963 | D:1      | Gained mutation: Your spells are a little easier to cast,
                  | but a little less powerful. [potion of mutation]
   964 | D:1      | Lost mutation: Your spells are a little easier to cast, but
                  | a little less powerful. [potion of mutation]
   964 | D:1      | Gained mutation: Your flesh is cold resistant. (rC+)
                  | [potion of mutation]
   964 | D:1      | Gained mutation: You are agile. (Dex +4, Str/Int -1)
                  | [potion of mutation]
   974 | D:2      | Found a faded altar of an unknown god.
  1053 | D:2      | Reached XP level 3. HP: 33/33 MP: 2/2
  1174 | D:2      | Reached skill level 5 in Axes
  1329 | D:2      | Reached ** piety under Trog
  1821 | D:2      | Identified a scroll of acquirement
  1821 | D:2      | Acquired an amulet of reflection
  1892 | D:3      | Reached XP level 4. HP: 40/40 MP: 3/3
  1998 | D:3      | Noticed Ijyb
  2000 | D:3      | Paralysed by Ijyb for 3 turns
  2015 | D:3      | Killed Ijyb
  2016 | D:3      | Reached skill level 6 in Axes
  2093 | D:3      | Found a stormy altar of Qazlal.
  2290 | D:3      | Noticed Jessica
  2298 | D:3      | Killed Jessica
  2299 | D:3      | Reached XP level 5. HP: 46/46 MP: 4/4
  2402 | D:3      | Noticed Natasha
  2410 | D:3      | Killed Natasha
  2411 | D:3      | Reached skill level 7 in Axes
  2443 | D:3      | Noticed Natasha
  2455 | D:3      | Killed Natasha
  2498 | D:3      | Found Ejugh's Armour Shoppe.
  2506 | D:3      | You fall into a shaft and drop 3 floors!
  2537 | D:5      | Entered Level 5 of the Dungeon
  2563 | D:5      | Noticed an ice beast
  2578 | D:5      | Killed an ice beast
  2579 | D:5      | Reached skill level 8 in Axes
  2579 | D:5      | Reached XP level 6. HP: 36/52 MP: 5/5
  2855 | D:4      | Reached skill level 9 in Axes
  2860 | D:4      | Reached XP level 7. HP: 29/58 MP: 6/6
  2863 | D:4      | Reached *** piety under Trog
  3104 | D:4      | Reached skill level 10 in Axes
  3490 | D:4      | Found a bloodstained altar of Trog.
  3760 | D:4      | Found a glowing silver altar of Zin.
  4236 | D:5      | Reached skill level 11 in Axes
  4621 | D:5      | Reached XP level 8. HP: 61/66 MP: 7/7
  4999 | D:6      | Found a white marble altar of Elyvilon.
  5031 | D:6      | Reached skill level 12 in Axes
  5127 | D:6      | Found a snail-covered altar of Cheibriados.
  5127 | D:6      | Found an ancient bone altar of Kikubaaqudgha.
  5552 | D:6      | Found a basalt altar of Yredelemnul.
  5630 | D:7      | Found a shadowy altar of Dithmenos.
  5735 | D:7      | Reached **** piety under Trog
  5785 | D:7      | Reached skill level 13 in Axes
  6006 | D:7      | Found a staircase to the Ecumenical Temple.
  6016 | Temple   | Entered the Ecumenical Temple
  6122 | D:7      | Noticed Pikel
  6133 | D:7      | Killed Pikel
  6134 | D:7      | Reached skill level 5 in Armour
  6134 | D:7      | Reached XP level 9. HP: 71/71 MP: 8/8
  6357 | D:7      | Reached skill level 14 in Axes
  6496 | D:7      | Found an opulent altar of Gozag.
  7183 | D:8      | Found a hide-covered altar of Uskayaw.
  7585 | D:8      | Found a broken altar of Ashenzari.
  7697 | D:8      | Reached skill level 15 in Axes
  7715 | D:8      | Reached XP level 10. HP: 58/78 MP: 9/9
  8154 | D:8      | Reached ***** piety under Trog
  8639 | D:9      | Received a gift from Trog
  8656 | D:9      | Reached skill level 16 in Axes
  8665 | D:9      | Found a staircase to the Orcish Mines.
  9250 | D:9      | Noticed a two-headed ogre
  9289 | D:9      | Killed a two-headed ogre
  9721 | D:9      | Reached skill level 17 in Axes
  9722 | D:9      | Paralysed by a hornet for 1 turns
 10380 | D:10     | Entered Level 10 of the Dungeon
 10431 | D:10     | Found an iron altar of Okawaru.
 10500 | D:10     | Found a blossoming altar of Fedhas.
 10525 | D:10     | Noticed Harold
 10540 | D:10     | Noticed Maurice
 10545 | D:10     | Slain by Harold

Illustrated notes

Levels and vault maps discovered:
D:1:      tarquinn_simple_flora_water_e, layout_loops_ring
D:2:      layout_basic, shapermc_ecumenical_altar_mp_ritualfount
D:3:      layout_basic, mainiacjoe_overflow_catwalk, serial_shops, shop_statue,
          uniq_jessica, uniq_natasha, uniq_ijyb
D:4:      layout_rooms, mainiacjoe_overflow_tiny_flanked, zin_treasury,
          minmay_box_of_dots
D:5:      layout_loops_cross, kennysheep_generic_room_4
D:6:      layout_loops_ring, kennysheep_ying_yang,
          gammafunk_temple_overflow_elements
D:7:      layout_gridville, nicolae_gozag_cash_rules_everything_around_me,
          lemuel_round_altar, minmay_temple_entry_butterflies, uniq_pikel
D:8:      layout_loops_ring, lemuel_coloured_pillars_altar,
          nicolae_uskayaw_murder_on_the_dancefloor, special_room
          [special_room_orc]
D:9:      layout_stronghold, hiddenorc2_lemuel, kennysheep_generic_room_16
D:10:     layout_loops_ring, mainiacjoe_overflow_catch_the_wave,
          nicolae_overflow_hidden_temple, minivault_24,
          chequers_serial_rivers_micro_a, chequers_serial_rivers_small_b,
          uniq_maurice, uniq_harold, uniq_maggie
Temple:   nicolae_temple_superstar

Skill      XL: |  1  2  3  4  5  6  7  8  9 10 |
---------------+-------------------------------+-----
Axes           | 4 5 6 8 9 11 13 15 17 | 17.3
Armour         | 5 7 9 |  9.9
Fighting       | |  3.9
Dodging        | |  2.2

Action                   |  1- 3 |  4- 6 |  7- 9 | 10-12 || total
-------------------------+-------+-------+-------+-------++-------
Melee: Hand axe          |    63 |    35 |       |       ||    98
       Headbutt          |     4 |    12 |    48 |    29 ||    93
       Punch             |     1 |     1 |     4 |     1 ||     7
       War axe           |       |    36 |   245 |   143 ||   424
       Dagger            |       |     8 |       |       ||     8
Invok: Berserk           |     1 |     3 |     3 |       ||     7
       Brothers in Arms  |       |       |     1 |     2 ||     3
       Trog's Hand       |       |       |       |     1 ||     1
Evoke: Wand              |       |     1 |       |     2 ||     3
  Use: Potion            |     5 |       |     3 |     1 ||     9
       Scroll            |     4 |     5 |    11 |     6 ||    26
 Stab: Paralysed         |       |     1 |       |       ||     1
Armor: Leather armour    |    17 |    18 |    16 |       ||    51
       Plate armour      |       |       |    65 |    56 ||   121
Dodge: Dodged            |    36 |    58 |    74 |    44 ||   212
Block: Other             |     1 |    28 |    43 |    36 ||   108
       Reflection        |       |     1 |     3 |     3 ||     7
